 Dungeon Crawl Stone Soup version 0.20-a0-983-g35de22d (webtiles) character file.

717 Murumi the Covert (level 7, 0/73 HPs)
             Began as a Naga Enchanter on Apr 10, 2017.
             Succumbed to Murumi's ghost's poison
             ... on level 4 of the Dungeon.
             The game lasted 00:16:57 (5026 turns).

Murumi the Covert (Naga Enchanter)                  Turns: 5026, Time: 00:16:57

Health: 0/73       AC:  4    Str: 10    XL:     7   Next: 70%
Magic:  10/10      EV: 10    Int: 18    God:
Gold:   170        SH:  0    Dex: 14    Spells: 9/10 levels left

rFire    + . .     SeeInvis +   a - +1 dagger
rCold    + . .     Gourm    .   (no shield)
rNeg     . . .     Faith    .   b - +1 robe
rPois    +         Spirit   .   (no helmet)
rElec    .         Reflect  .   m - scarf {rC+}
rCorr    .         Harm     .   (no gloves)
MR       .....     Clarity  +   (no barding) Stlth ++++......Rnd*Tele +
                                (no amulet)
Regen    0.3/turn               w - ring of protection from fire
MPRegen  0.2/turn               q - -2 ring of intelligence (curse)

@: brilliant, lethally poisoned (0 -> -18), very slow
A: see invisible, clarity, deformed body, poison resistance, robust 1, slowness
2, slow metabolism 1, spit poison 1, teleportitis 1, AC +2
a: Spit Poison


You were on level 4 of the Dungeon.
You were near starving.

You visited 1 branch of the dungeon, and saw 4 of its levels.

You collected 170 gold pieces.

Inventory:

Hand Weapons
 a - a +1 dagger (weapon)
Armour
 b - a +1 robe (worn)
 m - a scarf of cold resistance (worn)
Jewellery
 k - an uncursed ring of resist corrosion
 q - a cursed -2 ring of intelligence (right hand)
 w - a ring of protection from fire (left hand)
Wands
 h - a wand of paralysis (5/24)
Scrolls
 i - 4 scrolls of teleportation
 n - a scroll of amnesia
 p - a scroll of fog
Potions
 e - a potion of flight
 l - a potion of degeneration
Books
 c - a book of Maledictions

   Spells                             Type                      Level
   a - Corona                         Hexes                        1
   b - Ensorcelled Hibernation        Hexes/Ice                    2
   c - Confuse                        Hexes                        3
   d - Tukima's Dance                 Hexes                        3
   e - Dazzling Spray                 Conjuration/Hexes            3
 u - a book of Minor Magic

   Spells                             Type                      Level
   a - Magic Dart                     Conjuration                  1
   b - Blink                          Translocation                2
   c - Call Imp                       Summoning                    2
   d - Slow                           Hexes                        2
   e - Conjure Flame                  Conjuration/Fire             3
   f - Mephitic Cloud                 Conjuration/Poison/Air       3
Comestibles
 d - 2 bread rations
 g - 3 fruits
 j - a royal jelly
 s - a meat ration


   Skills:
 + Level 5.1 Fighting
 - Level 3.0 Short Blades
 - Level 2.0 Dodging
 - Level 9.0 Stealth
 - Level 2.0 Spellcasting
 - Level 3.0 Hexes
 - Level 1.2 Evocations


You had 9 spell levels left.
You knew the following spells:

 Your Spells              Type           Power        Failure   Level  Hunger
a - Corona                Hex            ###....      1%          1    #......


Dungeon Overview and Level Annotations

Branches:
Dungeon (4/15)
 Temple: D:4-7

Altars:
Ashenzari
Dithmenos
Qazlal
Sif Muna
Uskayaw
Vehumet


Innate Abilities, Weirdness & Mutations

You cannot wear boots.
Your serpentine skin is tough. (AC +2)
You have supernaturally acute eyesight. (SInv)
Armour fits poorly on your strangely shaped body.
Your system is resistant to poisons. (rPois)
You cover ground very slowly.
You have a slow metabolism.
You can spit poison.
You possess an exceptional clarity of mind.
You are robust. (+10% HP)
You are occasionally teleported next to monsters.


Message History

Your Fighting skill gained 3 levels and is now at level 5!
You have reached level 7!
You are no longer glowing.
You have got your breath back.
* * * LOW HITPOINT WARNING * * *
You feel sick.
There is a lethal amount of poison in your body!
There is a lethal amount of poison in your body!
* * * LOW HITPOINT WARNING * * *
You feel very sick.
You feel less wooden.
Your scarf of cold resistance unmelds from your body.
Your +1 robe unmelds from your body.
You feel resistant to cold.
* * * LOW HITPOINT WARNING * * *
You feel sick.
* * * LOW HITPOINT WARNING * * *
You feel sick.
* * * LOW HITPOINT WARNING * * *
You feel sick.
You die...

#$...........#
##.####.###.#.#
##...###.# #.# ##.
#.#.#.##.# #.# ....
#........# #.# ....
#.#.#.#### #.##..#
#....## #.#..#
#.#.########...'#
#(#.......@...#
#.#.########...#
#.....)....#.#..#
#)....#####.#.....#
#.##.## #..##... #.
### #..# .##. #
#..# # #..#


There were no monsters in sight!

Vanquished Creatures
  The ghost of Murumi the Covert, a novice NaEn (D:4)
  2 ogres (D:4)
  A scorpion (D:4)
  A howler monkey (D:3)
  A hound (D:4)
  Crazy Yiuf (D:3)
  2 adders
  A shadow imp (D:4)
  A worm (D:3)
  3 dart slugs
  3 leopard geckos (D:2)
  3 orcs (D:3)
  3 giant cockroaches
  4 goblins
  9 hobgoblins
  2 jackals (D:3)
  A quokka (D:3)
  A ball python (D:3)
  4 bats
  8 frilled lizards
  11 kobolds
  8 rats
71 creatures vanquished.

Notes
Turn   | Place    | Note
-------+----------+-------------------------------------------
     0 | D:1      | Murumi the Naga Enchanter began the quest for the Orb.
     0 | D:1      | Reached XP level 1. HP: 15/15 MP: 3/3
   163 | D:1      | Reached skill level 5 in Stealth
   255 | D:1      | Reached XP level 2. HP: 3/22 MP: 5/5
   654 | D:1      | You fall through a shaft!
   953 | D:1      | Reached skill level 1 in Fighting
  1243 | D:1      | Reached skill level 1 in Evocations
  1243 | D:1      | Reached XP level 3. HP: 14/31 MP: 6/6
  1657 | D:2      | Found a stormy altar of Qazlal.
  1985 | D:2      | Found a hide-covered altar of Uskayaw.
  2025 | D:2      | Found a deep blue altar of Sif Muna.
  2196 | D:2      | Reached skill level 6 in Stealth
  2423 | D:3      | Reached XP level 4. HP: 23/38 MP: 7/7
  2628 | D:3      | Found a radiant altar of Vehumet.
  3513 | D:3      | Reached skill level 7 in Stealth
  3524 | D:3      | Reached XP level 5. HP: 11/44 MP: 3/8
  3779 | D:3      | Found a shattered altar of Ashenzari.
  4092 | D:3      | Found a runed door.
  4312 | D:3      | Noticed Crazy Yiuf
  4316 | D:3      | Killed Crazy Yiuf
  4316 | D:3      | Reached skill level 8 in Stealth
  4807 | D:4      | Found a shadowy altar of Dithmenos.
  4814 | D:4      | Reached skill level 9 in Stealth
  4910 | D:4      | Noticed an ogre
  4915 | D:4      | Killed an ogre
  4915 | D:4      | Reached XP level 6. HP: 40/51 MP: 9/9
  4967 | D:4      | Noticed Murumi's ghost (novice NaEn)
  4976 | D:4      | Gained mutation: You are occasionally teleported next to monsters. [potion of mutation]
  4976 | D:4      | Gained mutation: You possess an exceptional clarity of mind. [potion of mutation]
  4976 | D:4      | Gained mutation: You are robust. (+10% HP) [potion of mutation]
  5021 | D:4      | Killed Murumi's ghost
  5021 | D:4      | Reached skill level 5 in Fighting
  5021 | D:4      | Reached XP level 7. HP: 16/73 MP: 10/10
  5024 | D:4      | HP: 3/73 [poisoned by Murumi's ghost]
  5026 | D:4      | Succumbed to Murumi's ghost's poison

Vault maps used:
D:1:      lightli_arrival_lavapool
D:2:      lemuel_doored_altar, nicolae_overflow_hidden_temple,
          kennysheep_generic_room_12
D:3:      lemuel_crystal_altar, lemuel_crystal_altar, uniq_crazy_yiuf_cottage
D:4:      grunt_dithmenos_shadows, first_bread, enter_ossuary_5, uniq_edmund

Skill      XL: |  1  2  3  4  5  6 |
---------------+-------------------+-----
Stealth        | 5 6 7 9 |  9.0
Dodging        | 2 |  2.0
Fighting       | 1 5 |  5.1
Evocations     | 1 |  1.2
Short Blades   | 2 3 |  3.0
Spellcasting   | |  2.0
Hexes          | |  3.0

Action                   |  1- 3 |  4- 6 |  7- 9 || total
-------------------------+-------+-------+-------++-------
Melee: Dagger            |   116 |   162 |       ||   278
 Cast: Corona            |       |     9 |       ||     9
 Abil: Spit Poison       |     8 |    20 |       ||    28
  Use: Scroll            |     6 |     3 |       ||     9
       Potion            |       |     5 |       ||     5
 Stab: Sleeping          |    12 |     6 |       ||    18
       Distracted        |       |     1 |       ||     1
  Eat: Chunk             |     3 |     7 |       ||    10
Armor: Robe              |    15 |    19 |       ||    34
       Skin              |       |    32 |       ||    32
Dodge: Dodged            |    53 |    55 |       ||   108
